AoeStats
← JV_kolop

Socotra

505565272Analyzed
4v4 RM · 22d ago on Sep 10, 2026· 47m 42s· 8 players
Game mode
Random Map
Map size
148×148
Population
200
Speed
Normal
Resources
Standard
Victory
Conquest
Starting age
Dark Age
Ending age
Imperial Age
RankedLock teamsTeams togetherTeam positionsShared explorationLock speedFull tech treeHidden civsTurbo modeCheats
Victory
Defeat
🇦🇷 Franks · Argentina
938
+15
🇦🇷 Chinese · Argentina
884
+18
🇦🇷 Aztecs · Argentina
874
+18
🇦🇷 Goths · Argentina
755
+47
🇬🇧 Magyars · United Kingdom
955
-20
🇧🇷 Britons · Brazil
923
-19
🇨🇦 Cumans · Canada
922
-19
🇨🇦 Malay · Canada
875
-17
legin9
13:29 Feudal Age
12:34 Loom
19:36 Castle Age
21:33 Double-Bit Axe
26:43 Gold Mining
32:59 Man-at-Arms
33:41 Squires
35:52 Elite Skirmisher
36:38 Thumb Ring
36:54 Long Swordsman
37:40 Pikeman
MS2GUD1068
4:50 Loom
15:05 Feudal Age
19:43 Castle Age
18:39 Bloodlines
23:22 Horse Collar
23:34 Gold Mining
23:31 Double-Bit Axe
24:06 Corvinian Army
26:30 Husbandry
30:57 Scale Barding Armor
33:51 Wheelbarrow
33:02 Town Watch
34:49 Chain Barding Armor
34:58 Bow Saw
34:51 Heavy Plow
35:41 Gold Shaft Mining
39:06 Imperial Age
37:33 Hand Cart
37:19 Town Patrol
39:26 Elite Magyar Huszar
44:07 Plate Barding Armor
Rubim
13:37 Feudal Age
15:14 Horse Collar
15:49 Double-Bit Axe
18:41 Gold Mining
18:42 Stone Mining
19:19 Loom
20:09 Wheelbarrow
19:20 Town Watch
23:06 Castle Age
21:56 Fletching
22:06 Padded Archer Armor
25:31 Heavy Plow
25:43 Bow Saw
28:08 Bodkin Arrow
28:29 Leather Archer Armor
28:17 Caravan
31:10 Gold Shaft Mining
31:49 Forging
31:39 Scale Mail Armor
32:51 Ballistics
32:43 Fortified Wall
32:44 Masonry
33:19 Pikeman
33:59 Squires
33:45 Arson
33:45 Gambesons
36:33 Hand Cart
36:04 Town Watch
37:58 Yeomen
37:18 Elite Skirmisher
41:10 Imperial Age
JV_kolop
6:27 Loom
12:17 Feudal Age
14:20 Double-Bit Axe
23:07 Horse Collar
23:39 Fletching
28:22 Bloodlines
30:40 Wheelbarrow
34:15 Castle Age
35:31 Elite Skirmisher
35:34 Pikeman
Foxtrot
0:41 Loom
11:58 Feudal Age
21:49 Horse Collar
21:59 Double-Bit Axe
27:00 Castle Age
25:10 Gold Mining
25:59 Padded Archer Armor
26:13 Stone Mining
26:21 Fletching
27:19 Crossbowman
29:04 Stone Shaft Mining
28:48 Bow Saw
29:38 Bodkin Arrow
34:08 Thumb Ring
34:45 Leather Archer Armor
34:42 Forging
38:12 Iron Casting
38:04 Town Watch
38:55 Wheelbarrow
43:06 Imperial Age
42:34 Town Patrol
44:14 Capped Ram
45:56 Conscription
45:28 Arbalester
47:05 Pikeman
47:46 Squires
47:23 Siege Ram
Echeloko
0:31 Loom
11:32 Feudal Age
15:16 Man-at-Arms
21:09 Forging
22:27 Scale Mail Armor
30:09 Castle Age
31:35 Iron Casting
30:26 Long Swordsman
33:03 Chain Mail Armor
36:29 Pikeman
Buji
1:13 Loom
13:00 Feudal Age
15:53 Double-Bit Axe
20:05 Castle Age
20:02 Scale Barding Armor
22:38 Wheelbarrow
25:28 Hand Cart
28:30 Forging
28:41 Chain Barding Armor
31:17 Bow Saw
35:32 Imperial Age
35:40 Cavalier
38:39 Plate Barding Armor
39:37 Paladin
43:23 Iron Casting
46:43 Husbandry
Castor Bucho
7:26 Loom
10:55 Feudal Age
11:22 Double-Bit Axe
12:43 Horse Collar
15:34 Wheelbarrow
15:40 Gold Mining
22:19 Castle Age
21:53 Padded Archer Armor
22:32 Fletching
22:45 Crossbowman
23:55 Hand Cart
23:53 Bow Saw
24:28 Bodkin Arrow
27:45 Leather Archer Armor
28:56 Gold Shaft Mining
29:56 Stone Mining
34:20 Imperial Age
34:03 Stone Shaft Mining
Connection lost

Rejoining the realm…

Still unreachable

The connection could not be restored.

Session expired

The server has moved on; the page needs a fresh start.